 Dungeon Crawl Stone Soup version 0.27-a0-1046-g98bf31544f (webtiles) character file.

Game seed: 13744064274456826300

7219 robertstho the Cleaver (level 10, -16/144 HPs)
             Began as a Minotaur Berserker on Apr 19, 2021.
             Was an Elder of Trog.
             Demolished by an orc knight
             ... wielding a +0 trident
              (20 damage)
             ... in a bailey.
             The game lasted 00:11:53 (7645 turns).

robertstho the Cleaver (Minotaur Berserker)         Turns: 7645, Time: 00:11:53

Health: -16/144    AC: 21    Str: 23    XL:     10   Next: 87%
Magic:  9/9        EV:  8    Int:  5    God:    Trog [****..]
Gold:   163        SH:  0    Dex: 11    Spells: 9/9 levels left

rFire    . . .     SeeInvis .   C - +3 battleaxe (freeze)
rCold    + . .     Faith    .   (shield currently unavailable)
rNeg     . . .     Spirit   .   c - +0 plate armour
rPois    .         Reflect  .   z - +2 hat
rElec    .         Harm     .   B - +0 cloak
rCorr    .         Rampage  .   (no gloves)
Will     .....                  y - +2 pair of boots
Stlth    ..........             (no amulet)
HPRegen  0.34/turn              p - ring of protection from cold
MPRegen  0.11/turn              w - ring of flight

@: berserking (expiring), flying, very quick
A: horns 2, retaliatory headbutt
a: Renounce Religion, Berserk, Trog's Hand, Brothers in Arms


You were in a bailey.
You worshipped Trog.
Trog was greatly pleased with you.
You visited 1 branch of the dungeon, and saw 9 of its levels.
You also visited: Bailey.

You collected 403 gold pieces.
You spent 240 gold pieces at shops.

Inventory:

Hand Weapons
 u - a +0 great mace
 v - a +0 war axe
 C - a +3 battleaxe of freezing (weapon)
Missiles
 H - a throwing net
Armour
 c - a +0 plate armour (worn)
 t - a +0 cloak
 y - a +2 pair of boots (worn)
 z - a +2 hat (worn)
 A - +0 ice dragon scales
 B - a +0 cloak (worn)
Jewellery
 p - a ring of protection from cold (left hand)
 w - a ring of flight (right hand)
Wands
 k - a wand of polymorph (10)
 q - a wand of flame (31)
 x - a wand of iceblast (20)
Scrolls
 a - a scroll of silence {unknown}
 d - 5 scrolls of fear {unknown}
 e - 2 scrolls of blinking {unknown}
 f - 3 scrolls of acquirement {unknown}
 i - 2 scrolls of immolation
 j - 2 scrolls of teleportation
 l - 3 scrolls of enchant armour {unknown}
 m - 3 scrolls of brand weapon {unknown}
 o - a scroll of magic mapping
 s - a scroll of enchant weapon
 G - 2 scrolls of torment {unknown}
Potions
 b - 2 potions of flight
 g - 3 potions of lignification
 h - 6 potions of curing
 n - 2 potions of heal wounds
 r - a potion of attraction
 D - a potion of mutation {unknown}
 E - a potion of magic {unknown}
 F - 2 potions of haste
 I - a potion of invisibility {unknown}
 J - a potion of might
 K - a potion of resistance {unknown}


   Skills:
 * Level 11.2 Fighting
 + Level 13.1 Axes
 * Level 10.6 Armour
 + Level 3.2 Dodging
 + Level 0.4 Stealth


You had 9 spell levels left.
You didn't know any spells.
Your spell library was empty.

Dungeon Overview and Level Annotations

Branches:
Dungeon (9/15)             Temple (0/1) D:4          Bailey (1/1)
   Lair: D:8-11         Orc: D:9-12

Altars:
Sif Muna
Zin

Shops:
D:2 [?[?*   D:5 =

Annotations:
D:2 Scroll shops
D:9 3 runed translucent doors


Innate Abilities, Weirdness & Mutations

You have a pair of horns on your head.
You reflexively headbutt those who attack you in melee.


Message History

You hear a shout!
Things that are here:
a +0 glaive; a +0 scale mail; an orc corpse
Things that are here:
a +0 hand axe; an orc corpse
There is an open gate, spattered with blood here.
A red film seems to cover your vision as you go berserk!
You feel yourself moving faster!
You feel mighty!
You feel a strong urge to attack something.
The orc knight hits you from afar with a +0 trident!!
The orc knight hits you with a +0 halberd!
You hit the orc knight. You freeze the orc knight.
The orc knight is lightly wounded.
The orc knight hits you from afar with a +0 trident!!
You completely miss the orc knight.
The orc knight is lightly wounded.
The orc knight closely misses you. You furiously retaliate!
You headbutt the orc knight! You slash the orc knight!
You freeze the orc knight.
The orc knight is severely wounded.
The orc knight hits you from afar with a +0 trident!!
The orc knight hits you with a +0 halberd!
* * * LOW HITPOINT WARNING * * *
You slice the orc knight!! You freeze the orc knight.
You feel the power of Trog in you as your rage grows.
You kill the orc knight!
Trog accepts your kill.
The orc knight hits you from afar with a +0 trident!!
* * * LOW HITPOINT WARNING * * *
Things that are here:
a +0 halberd; a +0 scale mail You hit the orc knight but do no damage.
You headbutt the orc knight!
The orc knight is lightly wounded.
The orc knight hits you with a +0 trident.
* * * LOW HITPOINT WARNING * * *
You slice the orc knight!! You freeze the orc knight!
The orc knight is severely wounded.
The orc knight hits you with a +0 trident!!
You die...

#.......#
#.......#
#.......#
#..)))..#
#.)).)..#
##)))).##
##'''##
#.o...#
#..@..#
#.....#
#.....#
#.....#
##'''##
##.....##
#.......#
#.......#
#.))))..#


You could see an orc knight (strong).

Vanquished Creatures
  A two-headed ogre (D:9)
  2 orc knights (Bailey)
  Pikel (D:6)
  Sigmund (D:4)
  4 yaks (D:8)
  A wyvern (D:8)
  Duvessa (D:5)
  A sky beast (D:7)
  7 orc warriors
  A necrophage (D:7)
  4 ice beasts
  2 centaurs
  4 phantoms
  An ogre (D:5)
  Blork the orc (D:5)
  A kobold brigand (D:6)
  A wyvern zombie (D:8)
  3 bullfrogs
  3 scorpions
  Dowan (D:5)
  A water moccasin skeleton (D:5)
  5 killer bees (D:8)
  9 wights
  4 howler monkeys
  2 centaur zombies
  2 orc priests
  3 hounds (D:5)
  3 jellies
  A gnoll shaman (D:9)
  2 iguanas
  2 orc wizards
  A killer bee zombie (D:8)
  10 gnolls
  A howler monkey skeleton (D:6)
  5 adders
  2 shadow imps
  An ufetubus (D:6)
  A worm (D:3)
  3 dart slugs
  51 orcs
  3 ball pythons
  A bat (D:3)
  6 endoplasms
  2 giant cockroaches
  14 goblins
  8 hobgoblins
  4 jackals (D:2)
  6 kobolds
  8 quokkas
  3 frilled lizards
  6 rats
211 creatures vanquished.

Vanquished Creatures (collateral kills)
  3 orc warriors (Bailey)
  2 orcs (Bailey)
5 creatures vanquished.

Vanquished Creatures (others)
  4 plants (D:4)
4 creatures vanquished.

Grand Total: 220 creatures vanquished

Notes
Turn   | Place    | Note
-------+----------+-------------------------------------------
     0 | D:1      | robertstho the Minotaur Berserker began the quest for the
                  | Orb.
     0 | D:1      | Reached XP level 1. HP: 19/19 MP: 0/0
    29 | D:1      | Reached XP level 2. HP: 27/27 MP: 1/1
   347 | D:1      | Reached skill level 4 in Axes
   864 | D:1      | Reached XP level 3. HP: 31/34 MP: 2/2
  1218 | D:2      | Found Jifoq's General Store.
  1225 | D:2      | Bought a scroll of identify for 20 gold pieces
  1522 | D:2      | Found Sofoxzuh's Armour Shoppe.
  1558 | D:2      | Found Seingyca's Magic Scroll Shoppe.
  1559 | D:2      | Found Zuosil's Antique Armour Boutique.
  1654 | D:2      | Reached ** piety under Trog
  1724 | D:2      | Found Kugraetu's Magic Scroll Shoppe.
  1732 | D:2      | Bought a scroll of teleportation for 33 gold pieces
  1916 | D:3      | Noticed an ice beast
  1933 | D:3      | Reached XP level 4. HP: 41/41 MP: 3/3
  1940 | D:3      | Killed an ice beast
  1941 | D:3      | Reached skill level 5 in Fighting
  1941 | D:3      | Reached XP level 5. HP: 29/48 MP: 4/4
  2358 | D:3      | Reached skill level 5 in Axes
  2375 | D:3      | Noticed an orc warrior
  2395 | D:3      | Killed an orc warrior
  2396 | D:3      | Reached XP level 6. HP: 22/56 MP: 5/5
  2881 | D:3      | Found a glowing silver altar of Zin.
  2881 | D:3      | Noticed an angel
  2986 | D:4      | Noticed an ice beast
  2995 | D:4      | Killed an ice beast
  2996 | D:4      | Reached skill level 5 in Armour
  2999 | D:4      | Reached skill level 6 in Axes
  3078 | D:4      | Found a staircase to the Ecumenical Temple.
  3179 | D:4      | Noticed Sigmund
  3185 | D:4      | Killed Sigmund
  3186 | D:4      | Reached XP level 7. HP: 63/63 MP: 6/6
  3345 | D:4      | Reached *** piety under Trog
  3700 | D:2      | Bought a scroll of identify for 22 gold pieces
  3700 | D:2      | Bought a scroll of identify for 22 gold pieces
  3700 | D:2      | Bought a scroll of magic mapping for 38 gold pieces
  3700 | D:2      | Bought a scroll of noise for 11 gold pieces
  3756 | D:5      | Entered Level 5 of the Dungeon
  3760 | D:5      | Reached skill level 7 in Axes
  3922 | D:5      | Reached XP level 8. HP: 71/71 MP: 7/7
  4118 | D:5      | Noticed Blork the orc
  4129 | D:5      | Killed Blork the orc
  4130 | D:5      | Reached skill level 8 in Axes
  4153 | D:5      | Noticed Duvessa
  4153 | D:5      | Noticed Dowan
  4173 | D:5      | Killed Duvessa
  4187 | D:5      | Killed Dowan
  4356 | D:5      | Found Lugh's Jewellery Boutique.
  4505 | D:2      | Bought a scroll of identify for 22 gold pieces
  4536 | D:2      | Bought a scroll of identify for 24 gold pieces
  4603 | D:6      | Noticed Pikel
  4613 | D:6      | Killed Pikel
  4614 | D:6      | Reached skill level 9 in Axes
  4614 | D:6      | Reached XP level 9. HP: 82/82 MP: 8/8
  5099 | D:7      | Reached skill level 10 in Axes
  5436 | D:7      | Reached **** piety under Trog
  5450 | D:7      | Found a shimmering blue altar of Sif Muna.
  5915 | D:2      | Bought a scroll of identify for 24 gold pieces
  5915 | D:2      | Bought a scroll of identify for 24 gold pieces
  6067 | D:8      | Reached skill level 11 in Axes
  6266 | D:8      | Reached XP level 10. HP: 73/92 MP: 9/9
  6624 | D:8      | Reached skill level 10 in Fighting
  6624 | D:8      | Reached skill level 12 in Axes
  6950 | D:9      | Found a runed translucent gate.
  6950 | D:9      | Found a runed translucent gate.
  6950 | D:9      | Found a runed translucent gate.
  6951 | D:9      | Noticed a two-headed ogre
  6958 | D:9      | Killed a two-headed ogre
  6999 | D:9      | Found a flagged portal.
  7011 | Bailey   | Entered a bailey
  7251 | Bailey   | Reached ***** piety under Trog
  7264 | Bailey   | Reached skill level 10 in Armour
  7486 | Bailey   | Noticed an orc knight
  7499 | Bailey   | Killed an orc knight
  7500 | Bailey   | Reached skill level 13 in Axes
  7623 | Bailey   | Noticed an orc knight
  7623 | Bailey   | Noticed an orc knight
  7642 | Bailey   | Killed an orc knight
  7642 | Bailey   | HP: 6/142 [orc knight/+0 trident (30)]
  7645 | Bailey   | Demolished by an orc knight

Illustrated notes

Levels and vault maps discovered:
D:1:      dpeg_arrival_line_fractal, layout_basic, st_stairs_14,
          grunt_decor_clamped
D:2:      layout_loops_corners, serial_shops, nicolae_shop_stone, shop, shop,
          shop, nicolae_shop_statue_plus
D:3:      minmay_angry_zag, layout_rooms, zin_angel, serial_bayou_pond_b
D:4:      layout_rooms, minmay_temple_entry_gardened_gates, uniq_sigmund
D:5:      layout_rooms, serial_shops, shop, chequers_serial_rivers_micro_c,
          grunt_ministairs_7, uniq_blork_the_orc, uniq_duvessa
D:6:      layout_basic, uniq_pikel
D:7:      layout_basic, lemuel_blue_sif_altar
D:8:      layout_rooms, lightli_orcish_oven
D:9:      layout_basic, old_standard_altar, nicolae_ru_awakened_eye,
          gammafunk_ghost_endoplasm, enter_bailey_5
Bailey:   bailey_polearm_5, bailey

Skill      XL: |  1  2  3  4  5  6  7  8  9 10 |
---------------+-------------------------------+-----
Fighting       | 4 5 6 8 9 11 | 11.2
Axes           | 4 5 6 7 9 11 13 | 13.1
Armour         | 3 4 5 6 8 9 10 | 10.6
Dodging        | 3 |  3.2
Stealth        | |  0.4

Action                   |  1- 3 |  4- 6 |  7- 9 | 10-12 || total
-------------------------+-------+-------+-------+-------++-------
Melee: Hand axe          |    67 |    81 |    28 |       ||   176
       Headbutt          |     8 |     9 |    30 |    18 ||    65
       War axe           |       |       |   118 |       ||   118
       Battleaxe         |       |       |    57 |    94 ||   151
Invok: Berserk           |     2 |     3 |     5 |     5 ||    15
       Trog's Hand       |       |       |     1 |     2 ||     3
       Brothers in Arms  |       |       |       |     1 ||     1
  Use: Scroll            |     3 |       |    10 |     1 ||    14
       Potion            |       |       |     1 |       ||     1
Armor: Ring mail         |    29 |     1 |       |       ||    30
       Chain mail        |       |    19 |       |       ||    19
       Plate armour      |       |    16 |   137 |   125 ||   278
Dodge: Dodged            |    41 |    34 |    78 |    81 ||   234

Table legend: (Time is in decaauts)
 A = Elapsed time spent in this place.
 B = Non-inter-level travel time spent in this place.
 C = Inter-level travel time spent in this place.
 D = Time resting spent in this place.
 E = Time spent auto-exploring this place.
 F = Levels seen in this place.
 G = Mean time per level.
                   A        B        C        D        E       F      G
               +--------+--------+--------+--------+--------+-----+--------+
         Total |   7798 |   6997 |    801 |    755 |   4958 |  10 |  779.8 |
       Dungeon |   7150 |   6349 |    801 |    345 |   4865 |   9 |  794.4 |
        Bailey |    647 |    647 |      0 |    410 |     93 |   1 |  647.0 |
               +--------+--------+--------+--------+--------+-----+--------+

Top non-repeatable levels by time:
     D:2: 1147 daAuts
     D:1: 1146 daAuts
     D:3: 1073 daAuts
     D:7: 896 daAuts
     D:8: 885 daAuts
     D:5: 725 daAuts
     D:4: 678 daAuts
  Bailey: 647 daAuts
     D:6: 498 daAuts
     D:9: 99 daAuts
